AoeStats
← с упругой

Arena

509186680Analyzed
4v4 RM · 7d ago on Sep 25, 2026· 50m 34s· 8 players
Game mode
Random Map
Map size
Large (8 player)
Population
200
Speed
Normal
Resources
Standard
Victory
Conquest
Starting age
Dark Age
Ending age
Imperial Age
RankedLock teamsTeams togetherTeam positionsShared explorationLock speedFull tech treeHidden civsTurbo modeCheats
Victory
Defeat
🇷🇺 Poles · Russia
1502
+13
🇬🇧 Mongols · United Kingdom
1495
+13
🇦🇷 Franks · Argentina
1484
+13
🇨🇱 Spanish · Chile
1472
+13
🇩🇪 Malay · Germany
1882
-29
🇩🇪 Goths · Germany
1292
-8
🇩🇪 Khmer · Germany
1273
-8
🇩🇪 Maya · Germany
1258
-7
Diegazo
8:08 Loom
11:15 Feudal Age
15:14 Castle Age
15:12 Double-Bit Axe
15:09 Horse Collar
21:13 Padded Archer Armor
24:50 Bloodlines
25:30 Leather Archer Armor
41:53 Imperial Age
43:08 Ring Archer Armor
43:04 Fletching
44:33 Chemistry
43:31 Elite Conquistador
49:59 Elite Skirmisher
50:35 Bodkin Arrow
rizz
9:57 Feudal Age
15:22 Castle Age
13:18 Double-Bit Axe
13:43 Horse Collar
14:50 Man-at-Arms
15:26 Town Watch
17:48 Loom
20:35 Scale Mail Armor
21:50 Long Swordsman
24:54 Long Swordsman
25:35 Squires
26:41 Forging
26:42 Arson
28:11 Bow Saw
33:25 Fortified Wall
35:03 Stone Mining
40:17 Imperial Age
38:42 Wheelbarrow
40:09 Ballistics
39:54 Gold Mining
40:30 Heavy Plow
40:33 Fletching
40:49 Scale Barding Armor
40:47 Onager
43:50 Hand Cart
46:20 Siege Onager
48:21 Bloodlines
48:12 Husbandry
51:16 Drill
50:26 Heavy Scorpion
lobo
7:59 Loom
11:40 Feudal Age
13:10 Double-Bit Axe
15:59 Castle Age
15:50 Scale Barding Armor
17:02 Bow Saw
19:54 Chain Barding Armor
22:01 Forging
28:05 Fervor
27:46 Gold Mining
27:47 Stone Mining
28:33 Wheelbarrow
33:23 Imperial Age
31:55 Iron Casting
32:31 Hand Cart
32:22 Squires
32:08 Arson
33:08 Gold Shaft Mining
33:41 Elite Throwing Axeman
34:41 Conscription
35:23 Blast Furnace
34:24 Scale Mail Armor
35:52 Siege Engineers
36:50 Chemistry
36:12 Ballistics
37:57 Chain Mail Armor
39:18 Hoardings
39:20 Ordonnance Companies
40:08 Husbandry
40:12 Fletching
40:55 Plate Mail Armor
40:38 Heavy Mounted Crossbowman
40:38 Cranequins
41:16 Bodkin Arrow
42:31 Padded Archer Armor
43:55 Leather Archer Armor
с упругой
12:18 Feudal Age
16:40 Castle Age
14:30 Horse Collar
14:36 Double-Bit Axe
17:26 Wheelbarrow
20:29 Heavy Plow
21:34 Bow Saw
23:44 Gold Mining
24:46 Loom
28:03 Imperial Age
28:13 Imperial Age
26:08 Hand Cart
26:18 Scale Barding Armor
26:32 Town Watch
27:15 Szlachta Privileges
27:33 Chain Barding Armor
27:47 Bloodlines
27:52 Forging
28:23 Husbandry
28:37 Cavalier
29:40 Conscription
30:28 Squires
29:48 Pikeman
30:15 Arson
31:14 Iron Casting
33:21 Blast Furnace
32:22 Scale Mail Armor
32:26 Capped Ram
34:38 Siege Ram
35:40 Chain Mail Armor
36:02 Coinage
35:37 Treadmill Crane
36:30 Crop Rotation
37:17 Plate Mail Armor
37:59 Man-at-Arms
39:24 Banking
38:58 Fletching
39:34 Ballistics
39:03 Arrowslits
39:58 Bodkin Arrow
41:06 Chemistry
40:17 Masonry
39:59 Stone Mining
41:10 Elite Obuch
41:13 Long Swordsman
42:20 Two-Handed Swordsman
43:24 Bracer
43:25 Champion
45:20 Light Cavalry
48:53 Lechitic Legacy
48:32 Winged Hussar
Renesel
11:00 Feudal Age
14:55 Castle Age
13:05 Horse Collar
13:40 Double-Bit Axe
16:11 Bow Saw
18:18 Heavy Plow
20:22 Loom
25:20 Gold Mining
25:33 Scale Mail Armor
26:58 Wheelbarrow
29:53 Imperial Age
27:57 Chain Mail Armor
27:43 Town Watch
28:35 Hand Cart
28:43 Forging
28:37 Squires
29:17 Stone Mining
30:56 Iron Casting
29:51 Pikeman
31:25 Stone Shaft Mining
31:51 Two-Man Saw
31:23 Crop Rotation
30:39 Halberdier
33:05 Blast Furnace
33:05 Conscription
32:51 Anarchy
32:52 Perfusion
33:35 Elite Huskarl
34:31 Murder Holes
34:46 Masonry
38:08 Town Patrol
38:32 Ballistics
38:43 Architecture
39:14 Chemistry
37:54 Treadmill Crane
39:00 Capped Ram
42:31 Fletching
43:12 Bodkin Arrow
Sarah0nFire
0:31 Loom
12:09 Feudal Age
12:15 Feudal Age
16:38 Castle Age
15:27 Double-Bit Axe
16:16 Horse Collar
Sir Dman II.
10:14 Feudal Age
13:18 Castle Age
14:04 Double-Bit Axe
17:26 Bow Saw
16:56 Horse Collar
22:20 Loom
24:15 Wheelbarrow
24:52 Gold Mining
24:55 Stone Mining
26:44 Hand Cart
29:11 Imperial Age
28:05 Scale Barding Armor
28:11 Forging
28:14 Bloodlines
28:05 Husbandry
30:35 Chain Barding Armor
30:45 Elite Battle Elephant
32:20 Plate Barding Armor
31:44 Fletching
33:29 Iron Casting
32:47 Fletching
43:59 Conscription
Smoke
3:08 Loom
11:16 Feudal Age
15:19 Castle Age
13:36 Double-Bit Axe
14:04 Horse Collar
21:58 Forging
29:35 Wheelbarrow
28:54 Gold Mining
31:36 Heavy Plow
32:11 Scale Barding Armor
32:41 Iron Casting
32:39 Husbandry
37:35 Imperial Age
34:51 Loom
35:53 Hand Cart
37:16 Bow Saw
38:09 Blast Furnace
38:24 Crop Rotation
37:41 Elite Battle Elephant
39:39 Conscription
41:31 Gold Shaft Mining
40:23 Crossbowman
41:09 Thumb Ring
40:53 Arbalester
41:41 Fletching
41:52 Padded Archer Armor
41:42 Fletching
41:52 Padded Archer Armor
42:55 Bodkin Arrow
43:38 Bracer
43:53 Leather Archer Armor
43:39 Bracer
45:56 Ballistics
46:36 Chemistry
Connection lost

Rejoining the realm…

Still unreachable

The connection could not be restored.

Session expired

The server has moved on; the page needs a fresh start.